 Dungeon Crawl Stone Soup version 0.20.0-15-g7f486f2 (webtiles) character file.

245 vishdafish the Cudgeler (level 5, -4/79 HPs)
             Began as a Troll Berserker on June 28, 2017.
             Was a Believer of Trog.
             Slain by a hobgoblin
             ... wielding a +0 club
              (5 damage)
             ... on level 3 of the Dungeon.
             The game lasted 00:03:38 (1703 turns).

vishdafish the Cudgeler (Troll Berserker)           Turns: 1703, Time: 00:03:40

Health: -4/79      AC:  5    Str: 32    XL:     5   Next: 83%
Magic:  4/4        EV: 10    Int:  3    God:    Trog [**....]
Gold:   121        SH:  0    Dex: 10    Spells: 4/4 levels left

rFire    . . .     SeeInvis .   a - +0 mace
rCold    . . .     Gourm    +   (no shield)
rNeg     . . .     Faith    .   b - +0 animal skin
rPois    +         Spirit   .   (helmet restricted)
rElec    .         Reflect  .   (no cloak)
rCorr    .         Harm     .   (gloves unavailable)
MR       .....                  (boots unavailable)
Stlth    ..........             (no amulet)
Regen    0.7/turn               j - ring of poison resistance
MPRegen  0.1/turn               r - +2 ring of strength

@: berserking (expiring), very quick
A: unfitting armour, claws 3, fast metabolism 3, gourmand, regeneration 1,
shaggy fur 1, tough skin 2
a: Berserk, Trog's Hand, Burn Spellbooks, Renounce Religion


You were on level 3 of the Dungeon.
You worshipped Trog.
Trog was pleased with you.
You were very full.

You visited 1 branch of the dungeon, and saw 3 of its levels.

You collected 121 gold pieces.

Inventory:

Hand Weapons
 a - a +0 mace (weapon)
Armour
 b - a +0 animal skin (worn)
Jewellery
 j - a ring of poison resistance (left claw)
 r - a +2 ring of strength (right claw)
Scrolls
 d - a scroll of fear {unknown}
 g - a scroll of magic mapping {unknown}
 h - 2 scrolls of identify {unknown}
 k - a scroll of immolation {unknown}
 l - 3 scrolls of teleportation {unknown}
 m - a scroll of recharging {unknown}
 p - a scroll of remove curse {unknown}
Potions
 e - 3 potions of curing {unknown}
 f - a potion of lignification {unknown}
 i - 2 potions of heal wounds {unknown}
 n - a potion of invisibility {unknown}
 o - a potion of flight {unknown}
 q - a potion of degeneration {unknown}
 t - a potion of might {unknown}
Comestibles
 c - 2 royal jellies


   Skills:
 + Level 3.4 Fighting
 * Level 4.3 Maces & Flails
 + Level 1.6 Armour
 + Level 3.1 Dodging


You had 4 spell levels left.
You didn't know any spells.

Dungeon Overview and Level Annotations

Branches:
Dungeon (3/15)

Altars:
Makhleb


Innate Abilities, Weirdness & Mutations

You are too large for most types of armour.
You have claws for hands.
Your metabolism is lightning-fast.
You like to eat raw meat.
Your natural rate of healing is unusually fast.
You are covered in fur. (AC +1)
You have very tough skin. (AC +2)


Message History

Trog accepts your kill. The bat closely misses you. The worm bites you.
* * * LOW HITPOINT WARNING * * *
The jackal bites you but does no damage.
You bludgeon the worm!!
You kill the worm!
Trog accepts your kill. The bat hits you but does no damage. x2
The hobgoblin hits you but does no damage.
The jackal bites you.
* * * LOW HITPOINT WARNING * * *
The orc hits you.
* * * LOW HITPOINT WARNING * * *
You thump the orc!
You kill the orc!
Trog accepts your kill. The bat hits you but does no damage.
The jackal bites you.
* * * LOW HITPOINT WARNING * * *
The hobgoblin hits you with a club.
You die...

#(......#...(. #....
#.......#..... #....
#.......#..... # #...
##.....###..†. #.# #..
##...## ##...
#...##'#######'#######'#
..#...bo................
......o)o...............
%.....g@................
#...##h#######'#######'#
. #.. ##...## ##... #...
##.....###.... #....
#.......#..... #....
#.......#..... #...!
#.......#..... ##...
##.....###.... ##...##
##)..


You could see 3 orcs, a jackal, a hobgoblin and a bat.

Vanquished Creatures
  The ghost of Overlord the Bolt Thrower, an amateur DsWn (D:3)
  A hound (D:2)
  7 adders
  2 worms
  2 dart slugs (D:2)
  A leopard gecko (D:1)
  2 orcs (D:3)
  4 giant cockroaches
  5 goblins
  9 hobgoblins
  9 bats
  7 frilled lizards
  7 kobolds
  4 rats
61 creatures vanquished.

Notes
Turn   | Place    | Note
-------+----------+-------------------------------------------
     0 | D:1      | vishdafish the Troll Berserker began the quest for the Orb.
     0 | D:1      | Reached XP level 1. HP: 22/22 MP: 0/0
   177 | D:1      | Reached XP level 2. HP: 25/29 MP: 1/1
   474 | D:1      | Reached skill level 3 in Maces & Flails
   903 | D:2      | Reached XP level 3. HP: 36/36 MP: 2/2
  1009 | D:2      | Reached XP level 4. HP: 9/45 MP: 3/3
  1056 | D:2      | Found a burning altar of Makhleb.
  1099 | D:2      | Reached ** piety under Trog
  1211 | D:2      | Reached skill level 1 in Armour
  1599 | D:3      | Reached XP level 5. HP: 33/53 MP: 4/4
  1687 | D:3      | Noticed Overlord's ghost (amateur DsWn)
  1700 | D:3      | Killed Overlord's ghost
  1700 | D:3      | Reached skill level 4 in Maces & Flails
  1702 | D:3      | HP: 2/79 [orc (3)]
  1703 | D:3      | Slain by a hobgoblin

Skill      XL: |  1  2  3  4  5 |
---------------+----------------+-----
Maces & Flails | 3 4 |  4.3
Fighting       | 3 |  3.4
Armour         | 1 |  1.6
Dodging        | 3 |  3.1

Action                   |  1- 3 |  4- 6 || total
-------------------------+-------+-------++-------
Melee: Mace              |   126 |   109 ||   235
Invok: Berserk           |     1 |     1 ||     2
  Eat: Chunk             |     3 |     6 ||     9
       Bread ration      |     1 |     2 ||     3
Armor: Animal skin       |    70 |    57 ||   127
Dodge: Dodged            |   102 |   105 ||   207
